 Dungeon Crawl Stone Soup version 0.31.0-11-ge490571c62 (webtiles) character file.

Game seed: 5914813121623918929

1033 Flugkiller the Trooper (level 8, -1/73 HPs)
             Began as a Minotaur Fighter on Jan 28, 2024.
             Was a Believer of Cheibriados.
             Slain by Duvessa
             ... wielding a +0 short sword
              (8 damage)
             ... on level 5 of the Dungeon.
             The game lasted 00:02:28 (4827 turns).

Flugkiller the Trooper (Minotaur Fighter)           Turns: 4827, Time: 00:02:29

Health: -1/73      AC: 12    Str: 27    XL:     8   Next: 3%
Magic:  0/8        EV:  9    Int: 10    God:    Cheibriados [**....]
Gold:   282        SH:  5    Dex: 16    Spells: 7/7 levels left

rFire   . . .        a - +0 war axe
rCold   . . .        c - +0 buckler
rNeg    . . .        w - +0 chain mail
rPois   +            (helmet restricted)
rElec   .            p - +0 cloak
rCorr   .            h - +0 pair of gloves
SInv    .            (no boots)
Will    .....        j - amulet of guardian spirit Stlth
                     o - ring of poison resistance
HPRegen 0.32/turn    (no ring)
MPRegen 0.11/turn

%: guardian spirit
@: very slow
A: horns 2, retaliatory headbutt
a: Renounce Religion, Bend Time


You were on level 5 of the Dungeon.
You worshipped Cheibriados.
Cheibriados was pleased with you.
You visited 1 branch of the dungeon, and saw 5 of its levels.
You also visited: Sewer.

You collected 282 gold pieces.

Inventory:

Hand Weapons
 a - a +0 war axe (weapon)
Armour
 c - a +0 buckler (worn)
 h - a +0 pair of gloves (worn)
   (You found it on level 1 of the Dungeon)
 p - a +0 cloak (worn)
   (You took it off Crazy Yiuf on level 2 of the Dungeon)
 w - a +0 chain mail (worn)
   (You took it off an orc on level 3 of the Dungeon)
Jewellery
 f - a ring of ice
   (You found it on level 1 of the Dungeon)
 j - an amulet of guardian spirit (around neck)
   (You found it on level 2 of the Dungeon)
 o - a ring of poison resistance (left hand)
   (You found it on level 2 of the Dungeon)
 v - a ring of wizardry
   (You found it on level 3 of the Dungeon)
Wands
 i - a wand of paralysis (8)
   (You found it on level 2 of the Dungeon)
 k - a wand of iceblast (9)
   (You found it on level 2 of the Dungeon)
 C - a wand of mindburst (6)
   (You found it on level 5 of the Dungeon)
Scrolls
 b - a scroll of summoning {unknown}
 e - a scroll of blinking {unknown}
 g - 2 scrolls of enchant weapon {unknown}
 m - a scroll of immolation {unknown}
 n - 3 scrolls of identify {unknown}
 r - 4 scrolls of noise {unknown}
 s - a scroll of fear {unknown}
 x - a scroll of torment {unknown}
 y - a scroll of brand weapon {unknown}
 A - a scroll of enchant armour {unknown}
 D - a scroll of teleportation {unknown}
 E - a scroll of silence {unknown}
Potions
 d - a potion of might
 l - a potion of degeneration {unknown}
 q - a potion of curing
 t - a potion of mutation {unknown}
 u - a potion of resistance {unknown}
 z - 2 potions of heal wounds {unknown}
 B - a potion of haste {unknown}
 F - a potion of attraction {unknown}


   Skills:
 * Level 7.3 Fighting
 * Level 6.6 Axes
 + Level 5.6 Armour
 + Level 2.2 Dodging
 - Level 4.9 Shields
 + Level 2.0 Invocations


You had 7 spell levels left.
You didn't know any spells.
Your spell library contained the following spells:

 Spells                   Type           Power      Damage    Failure   Level
 Lesser Beckoning         Tloc           0%         N/A       96%         2
 Gell's Gravitas          Tloc           0%         N/A       99%         3
 Teleport Other           Tloc           0%         N/A       99%         3


Dungeon Overview and Level Annotations

Branches:
Dungeon (5/15)              Sewer (visited)
 Temple: D:4-7

Altars:
Cheibriados
Fedhas
Ru
Wu Jian
Xom

Annotations:
D:4 1 exclusion, Blork the orc
D:5 3 runed translucent doors, Duvessa; NitroKuite's ghost, novice GrEE


Innate Abilities, Weirdness & Mutations

You have a pair of horns on your head.
You reflexively headbutt those who attack you in melee.


Message History

No target in view!
You miss something. Something hits you but does no damage.
You closely miss something. You headbutt something.
Something hits you but does no damage.
You barely miss something.
You hear some strange, mumbled words.
Something tries to affect you, but you resist.
You slash something!
Cheibriados appreciates the change of pace.
Reactivating autopickup.
You feel a bit more experienced.
Items here: ))) [[[ ††.
There is an open door, spattered with blood here.
Things that are here:
a +0 club; a +3 whip; an orc corpse You open the door.
There is an open door here.
There is an open door here.
There is an open door, spattered with blood here.
Things that are here:
a +0 club; a +3 whip; an orc corpse
Items here: ))) [[[ ††.
There is an open door here.
There is an open door here.
The kobold shouts!
The kobold brigand shouts!
You hear a shout! x2
The kobold shouts! x2
NitroKuite's ghost turns its malevolent gaze towards you.
The kobold shouts!
You open the door. You open the door.
There is an open door here.
You open the door.
There is an open door here.
You open the door.
Found a stone staircase leading down.
There is an open door here.
Duvessa, Sister of Dowan comes into view.
She is wielding a +0 short sword and wearing a +0 chain mail of willpower.
Duvessa shouts!
Duvessa is nearby!
Duvessa is nearby!
Dowan, Brother of Duvessa comes into view.
He is wielding a +3 dagger of speed.
Dowan shouts!
Duvessa shouts, "You can run, but you cannot escape us forever!"
There are monsters nearby!
Duvessa hits you but does no damage.
You hit Duvessa but do no damage. Your headbutt misses Duvessa.
You hit Duvessa but do no damage.
Dowan says, "Stay away from my face!"
Dowan casts a spell at you. The puff of flame hits you!
Duvessa hits you with a +0 short sword.
Dowan points at you and mumbles some strange words.
The puff of frost hits you.
Duvessa hits you with a +0 short sword. x2
You block Dowan's attack.
You closely miss Duvessa. You hit Dowan. Dowan hits you but does no damage.
Duvessa hits you with a +0 short sword.
You slash Dowan! You headbutt Dowan!
You kill Dowan!
Cheibriados appreciates the change of pace.
Duvessa screams, "No!
How DARE you!"
Duvessa goes berserk!
You hit Duvessa but do no damage. You block Duvessa's attack.
Your Invocations skill increases to level 2!
You have reached level 8!
You feel agile.
You hit Duvessa but do no damage. You headbutt Duvessa, but do no damage.
Duvessa hits you with a +0 short sword. Duvessa hits you but does no damage.
You barely miss Duvessa. You headbutt Duvessa.
Duvessa is lightly wounded.
Duvessa hits you with a +0 short sword. You block Duvessa's attack.
You hit Duvessa. You headbutt Duvessa!
Duvessa is moderately wounded.
Duvessa closely misses you. Duvessa hits you with a +0 short sword.
You hit Duvessa.
Duvessa is moderately wounded.
Duvessa hits you with a +0 short sword! Duvessa hits you but does no damage.
You barely miss Duvessa.
Duvessa is moderately wounded.
You block Duvessa's attack. x2
You completely miss Duvessa. You headbutt Duvessa!
Duvessa is heavily wounded.
Duvessa hits you with a +0 short sword! x2
* * * LOW HITPOINT WARNING * * *
You hit Duvessa. You headbutt Duvessa, but do no damage.
Duvessa is heavily wounded.
Duvessa hits you but does no damage.
You hit Duvessa.
Duvessa is heavily wounded.
Duvessa hits you but does no damage. Duvessa hits you with a +0 short sword!
* * * LOW HITPOINT WARNING * * *
You hit Duvessa but do no damage.
Duvessa is heavily wounded.
Duvessa hits you with a +0 short sword.
* * * LOW HITPOINT WARNING * * *
Duvessa hits you but does no damage.
You hit Duvessa.
Duvessa is heavily wounded.
Duvessa hits you with a +0 short sword.
* * * LOW HITPOINT WARNING * * *
Duvessa hits you with a +0 short sword!
You die...

...........%#
............#........#
............#........#
............#........#
............#........#
............#........#
............#........#
.<..........#...)....#
............#...@....#
............#..e.....#
..).........#........#
............#........#
.####.......#........#
.# #.......#........#
.# #.......'.....>..#
.# #.......#........#
.####.......#........#


You could see Duvessa (berserk).

Vanquished Creatures
  Grinder (D:3)
  A crocodile (Sewer)
  A centaur (D:5)
  2 phantoms (D:5)
  A scorpion (D:5)
  Dowan (D:5)
  An orc priest (D:4)
  Crazy Yiuf (D:2)
  A hound (D:5)
  Jessica (D:2)
  Natasha (thrice) (D:2)
  2 orc wizards (D:5)
  3 gnolls (D:3)
  7 adders
  A white imp (D:5)
  A ribbon worm (D:4)
  2 dart slugs
  10 orcs
  13 ball pythons
  3 endoplasms
  6 giant cockroaches
  7 goblins
  8 hobgoblins
  5 jackals (Sewer)
  4 quokkas
  3 bats
  4 kobolds
  7 rats
100 creatures vanquished.

Notes
Turn   | Place    | Note
-------+----------+-------------------------------------------
     0 | D:1      | Flugkiller the Minotaur Fighter began the quest for the
                  | Orb.
     0 | D:1      | Reached XP level 1. HP: 19/19 MP: 0/0
    21 | D:1      | Found a faded altar of an unknown god.
   267 | D:1      | Reached XP level 2. HP: 21/27 MP: 1/1
   408 | D:1      | Reached skill level 4 in Fighting
   809 | D:2      | Found a runed translucent door.
   810 | D:2      | Noticed Crazy Yiuf
   896 | D:2      | Reached XP level 3. HP: 30/33 MP: 2/2
  1013 | D:2      | Noticed Natasha
  1018 | D:2      | Killed Natasha
  1069 | D:2      | Reached XP level 4. HP: 41/41 MP: 3/3
  1462 | D:2      | Noticed Natasha
  1469 | D:2      | Killed Natasha
  1525 | D:2      | Noticed Jessica
  1529 | D:2      | Killed Jessica
  1618 | D:2      | Noticed Natasha
  1622 | D:2      | Killed Natasha
  1623 | D:2      | Reached skill level 5 in Fighting
  1623 | D:2      | Reached XP level 5. HP: 45/48 MP: 4/4
  1740 | D:2      | Paralysed by Crazy Yiuf for 1 turns
  1742 | D:2      | Killed Crazy Yiuf
  2438 | D:3      | Noticed Grinder
  2455 | D:3      | Killed Grinder
  2456 | D:3      | Reached skill level 6 in Fighting
  2456 | D:3      | Reached skill level 5 in Axes
  2456 | D:3      | Reached XP level 6. HP: 17/57 MP: 1/5
  2808 | D:3      | Found a sacrificial altar of Ru.
  2808 | D:3      | Found a faded altar of an unknown god.
  2819 | D:3      | Found a shimmering altar of Xom.
  2822 | D:3      | Found an ornate altar of the Wu Jian Council.
  2824 | D:3      | Found a faded altar of an unknown god.
  3169 | D:3      | Prayed at the altar of an unknown god.
  3169 | D:3      | Became a worshipper of Cheibriados the Contemplative
  3169 | D:3      | Reached * piety under Cheibriados
  3349 | D:4      | Found a glowing drain.
  3364 | Sewer    | Entered a sewer
  3404 | Sewer    | Reached skill level 5 in Armour
  3404 | Sewer    | Reached XP level 7. HP: 64/64 MP: 6/6
  3724 | D:4      | Reached ** piety under Cheibriados
  3729 | D:4      | Reached skill level 1 in Dodging
  4000 | D:4      | Noticed Blork the orc
  4034 | D:5      | Entered Level 5 of the Dungeon
  4059 | D:5      | Reached skill level 1 in Invocations
  4122 | D:5      | Found a runed translucent gate.
  4122 | D:5      | Noticed NitroKuite's ghost (novice GrEE)
  4123 | D:5      | Found a runed translucent gate.
  4124 | D:5      | Found a runed translucent gate.
  4247 | D:5      | Reached skill level 7 in Fighting
  4356 | D:5      | Found a blossoming altar of Fedhas.
  4810 | D:5      | Noticed Duvessa
  4811 | D:5      | Noticed Dowan
  4817 | D:5      | Killed Dowan
  4818 | D:5      | Reached XP level 8. HP: 47/73 MP: 5/8
  4827 | D:5      | Slain by Duvessa

Illustrated notes

Levels and vault maps discovered:
D:1:      wheals_arrival_shading, layout_basic, ebering_ecumenical_altar_webs
D:2:      layout_basic, serial_bayou_lake_a, uniq_natasha, uniq_jessica,
          uniq_crazy_yiuf_cottage
D:3:      layout_loops_ring, chequers_temple_overflow_minitemple, uniq_grinder
D:4:      layout_loops_ring, tgw_sif, cheibrodos_sewer_entry_drain,
          minmay_misc_feat_diagonals, kennysheep_generic_room_6
D:5:      layout_gridville, overflow_temple_1_default, serial_bayou,
          serial_bayou_shore_b, serial_bayou_shore_b, serial_bayou_pond_d,
          serial_bayou_pond_e, gammafunk_ghost_nasty_kobolds, uniq_duvessa

Skill      XL: |  1  2  3  4  5  6  7 |
---------------+----------------------+-----
Fighting       | 4 5 6 7 |  7.3
Axes           | 3 4 5 6 |  6.6
Shields        | 4 |  4.9
Armour         | 4 5 |  5.6
Dodging        | 2 |  2.2
Invocations    | 2 |  2.0

Action                     |  1- 3 |  4- 6 |  7- 9 || total
---------------------------+-------+-------+-------++-------
  Melee: War axe           |    63 |    99 |    81 ||   243
         Headbutt          |     7 |    14 |    15 ||    36
  Evoke: Wand              |       |     3 |       ||     3
    Use: Potion            |       |       |     1 ||     1
   Stab: Paralysed         |       |     3 |       ||     3
 Armour: Scale mail        |    30 |    52 |       ||    82
         Chain mail        |       |    26 |    77 ||   103
  Dodge: Dodged            |    35 |    47 |    26 ||   108
  Block: Buckler           |    13 |    29 |    25 ||    67
